 Dungeon Crawl Stone Soup version 0.19-a0-1899-g2d93087 (webtiles) character file.

633 vev the Covert (level 7, 0/35 HPs)
             Began as a Spriggan Abyssal Knight on Oct 19, 2016.
             Was a Believer of Lugonu.
             Slain by an adder zombie (3 damage)
             ... on level 5 of the Dungeon.
             The game lasted 00:12:08 (4445 turns).

vev the Covert (Spriggan Abyssal Knight)            Turns: 4445, Time: 00:12:09

Health: 0/35       AC:  2    Str:  8    XL:     7   Next: 24%
Magic:  11/11      EV: 19    Int: 13    God:    Lugonu [**....]
Gold:   288        SH:  0    Dex: 18    Spells: 0 memorised, 6 levels left

rFire  . . .     SeeInvis +     w - +2 dagger (drain)
rCold  . . .     Gourm    .     b - +0 robe
rNeg   + . .     Faith    .     (shield restricted)
rPois  .         Spirit   .     (helmet restricted)
rElec  .         Reflect  .     (no cloak)
rCorr  .         Harm     .     (gloves unavailable)
MR     +....                    (boots unavailable)
Stlth  ++++......               (no amulet)
                                (no ring)
                                A - ring of positive energy

@: very quick
A: unfitting armour, see invisible, herbivore 3, speed 3, slow metabolism 2
a: Depart the Abyss, Bend Space, Renounce Religion


You were on level 5 of the Dungeon.
You worshipped Lugonu.
Lugonu was pleased with you.
You were hungry.

You visited 1 branch of the dungeon, and saw 5 of its levels.
You visited the Abyss 1 time.

You collected 288 gold pieces.

Inventory:

Hand Weapons
 a - a +1 short sword of flaming
 w - a +2 dagger of draining (weapon)
Armour
 b - a +0 robe (worn)
Jewellery
 A - a ring of positive energy (left hand)
Wands
 x - a wand of slowing (20/48)
Scrolls
 i - 2 scrolls of teleportation {unknown}
 l - 3 scrolls of noise {unknown}
 m - 3 scrolls of remove curse {unknown}
 n - 3 scrolls of fog {unknown}
 p - a scroll of blinking {unknown}
 q - a scroll of immolation {unknown}
 s - 2 scrolls of enchant weapon {unknown}
 t - 3 scrolls of recharging {unknown}
 v - 4 scrolls of identify {unknown}
 y - 2 scrolls of magic mapping {unknown}
 z - 2 scrolls of amnesia {unknown}
 B - a scroll of enchant armour {unknown}
Potions
 d - 7 potions of curing {unknown}
 e - a potion of mutation {unknown}
 f - a potion of cancellation {unknown}
 g - a potion of resistance {unknown}
 j - a potion of invisibility {unknown}
 k - a potion of might {unknown}
 u - 2 potions of heal wounds {unknown}
 C - a potion of brilliance {unknown}
 D - 2 potions of flight {unknown}
 E - a potion of magic {unknown}
 F - a potion of agility {unknown}
Comestibles
 c - 3 bread rations
 h - a slice of pizza
 o - 10 fruits
 r - 2 royal jellies


   Skills:
 - Level 2.4 Fighting
 + Level 4.9 Short Blades
 - Level 3.5 Dodging
 * Level 8.5 Stealth
 + Level 4.1 Invocations


You had 6 spell levels left.
You didn't know any spells.

Dungeon Overview and Level Annotations

Branches:
Dungeon (5/15)             Temple (0/1) D:5

Altars:
Cheibriados
Hepliaklqana
Kikubaaqudgha
Nemelex Xobeh
Ru
Yredelemnul


Innate Abilities, Weirdness & Mutations

You are very small and have problems with some larger weapons.
You are too small for most types of armour.
You have supernaturally acute eyesight. (SInv)
You are a herbivore.
You cover ground extremely quickly.
You need consume almost no food.


Message History

Found a royal jelly.
Found 16 stones.
r - 2 royal jellies (gained 1)
Found a staircase to the Ecumenical Temple.
Found 19 stones.
An adder zombie comes into view.
Found a bread ration.
The adder zombie completely misses you.
You completely miss the adder zombie. The adder zombie bites you.
* * * LOW HITPOINT WARNING * * *
You hit the adder zombie.
The adder zombie is moderately damaged.
You completely miss the adder zombie.
The adder zombie is moderately damaged.
The adder zombie bites you.
* * * LOW HITPOINT WARNING * * *
You hit the adder zombie.
The adder zombie is heavily damaged.
The adder zombie bites you.
You die...

#..##.#.#
#.##.#.#
#.###.#.#
...#.#.# #.#
#.#.# #.....#.#
##.###.#.#
#.......#
#...##.#.#
#########
#..#......#
#.###.....#
#(%#.....####
##........@Z#
##..(...........#
#.........#.####
####.>........
#...#######.#
#...# .≈ ##### ≈


You could see an adder zombie.

Vanquished Creatures
  Eustachio (D:4)
  An ogre (D:4)
  2 howler monkeys
  A bullfrog zombie (D:3)
  2 orc wizards
  An iguana (D:4)
  3 worker ants (D:4)
  6 adders
  3 worms
  4 dart slugs
  A leopard gecko (D:4)
  6 orcs
  7 bats
  6 giant cockroaches
  7 goblins
  6 hobgoblins
  2 jackals (D:3)
  10 kobolds
  2 quokkas
  5 frilled lizards
  4 rats
80 creatures vanquished.

Notes
Turn   | Place    | Note
-------+----------+-------------------------------------------
     0 | Abyss:1  | vev the Spriggan Abyssal Knight began the quest for the Orb.
     0 | Abyss:1  | Reached XP level 1. HP: 11/11 MP: 3/3
    41 | Abyss:2  | Noticed a starcursed mass
    70 | Abyss:2  | Noticed a large abomination
   105 | Abyss:3  | Found a corrupted altar of Lugonu.
   123 | Abyss:3  | Noticed a small abomination
   125 | Abyss:3  | Noticed a neqoxec
   131 | Abyss:3  | Noticed an ancient zyme
   131 | Abyss:3  | Noticed a brown very ugly thing
   155 | Abyss:3  | Noticed a hell hog
   156 | D:1      | Escaped the Abyss
   543 | D:1      | Reached skill level 1 in Stealth
   552 | D:1      | Reached * piety under Lugonu
   912 | D:1      | Reached skill level 2 in Stealth
   912 | D:1      | Reached XP level 2. HP: 12/16 MP: 4/4
  1289 | D:1      | Reached skill level 3 in Stealth
  1777 | D:2      | Reached XP level 3. HP: 19/19 MP: 5/5
  1786 | D:2      | Found a snail-covered altar of Cheibriados.
  1887 | D:2      | Reached skill level 3 in Short Blades
  1893 | D:2      | Found a sparkling altar of Nemelex Xobeh.
  1899 | D:2      | Reached skill level 2 in Invocations
  2034 | D:2      | Reached skill level 4 in Stealth
  2043 | D:2      | Reached XP level 4. HP: 18/23 MP: 6/6
  2331 | D:2      | Found an ancient bone altar of Kikubaaqudgha.
  2563 | D:3      | Reached ** piety under Lugonu
  2633 | D:3      | Noticed a phantom
  2862 | D:3      | Reached skill level 5 in Stealth
  3002 | D:3      | Found a faded altar of an unknown god.
  3002 | D:3      | Found a faded altar of an unknown god.
  3007 | D:3      | Found a faded altar of an unknown god.
  3009 | D:3      | Found a faded altar of an unknown god.
  3010 | D:3      | Found a sacrificial altar of Ru.
  3356 | D:4      | Noticed an ogre
  3368 | D:4      | Killed an ogre
  3368 | D:4      | Reached skill level 6 in Stealth
  3368 | D:4      | Reached XP level 5. HP: 27/27 MP: 6/8
  3375 | D:4      | Reached skill level 4 in Short Blades
  3431 | D:4      | Reached skill level 3 in Invocations
  3589 | D:4      | Reached XP level 6. HP: 26/32 MP: 9/9
  3677 | D:4      | Reached skill level 7 in Stealth
  3782 | D:4      | Found a hazy altar of Hepliaklqana.
  3803 | D:4      | Noticed Eustachio
  3897 | D:4      | Killed Eustachio
  3948 | D:4      | Reached skill level 8 in Stealth
  4000 | D:4      | Reached XP level 7. HP: 35/35 MP: 10/10
  4165 | D:4      | Found a basalt altar of Yredelemnul.
  4221 | D:5      | Entered Level 5 of the Dungeon
  4246 | D:5      | Reached skill level 4 in Invocations
  4432 | D:5      | Found a staircase to the Ecumenical Temple.
  4443 | D:5      | HP: 3/35 [adder zombie (3)]
  4445 | D:5      | Slain by an adder zombie

Vault maps used:
D:1:      sevenhm_arrival_forest_fort_small_5, minmay_pentomino_p2
D:2:      marbit_many_paths, lemuel_coloured_pillars_altar, lemuel_doored_altar,
          serial_glass, glass_columns_b, glass_columns_a
D:3:      chequers_temple_overflow_minitemple
D:4:      kennysheep_mini, nicolae_overflow_hidden_temple, first_bread,
          hangedman_feature_mirror, uniq_eustachio
D:5:      gup_sewer_entry_pipe, serial_shops, shop
Abyss:3:  evilmike_nicolae_abyss_rune_containment_curve, bh_abyss_exit_spiral

Skill      XL: |  1  2  3  4  5  6  7 |
---------------+----------------------+-----
Stealth        | 2 3 4 6 8 |  8.5
Short Blades   | 3 4 |  4.9
Invocations    | 2 3 4 |  4.1
Fighting       | |  2.4
Dodging        | |  3.5

Action                   |  1- 3 |  4- 6 |  7- 9 || total
-------------------------+-------+-------+-------++-------
Melee: Dagger            |    97 |   111 |    51 ||   259
       Short sword       |     1 |       |       ||     1
Invok: Depart the Abyss  |     1 |       |       ||     1
  Use: Scroll            |     1 |       |       ||     1
 Stab: Sleeping          |     2 |    13 |     2 ||    17
Armor: Robe              |     5 |    11 |       ||    16
Dodge: Dodged            |    58 |    81 |    30 ||   169
